 Dungeon Crawl Stone Soup version 0.27-a0-899-ge2d0b17c59 (webtiles) character file.

Game seed: 12637431541661238153

1498 jestyr24 the Covered (level 8, 0/62 HPs)
             Began as a Demonspawn Fighter on Apr 6, 2021.
             Slain by an orc warrior
             ... wielding a +0 war axe
              (11 damage)
             ... on level 6 of the Dungeon.
             The game lasted 00:24:15 (5414 turns).

jestyr24 the Covered (Demonspawn Fighter)           Turns: 5414, Time: 00:24:16

Health: 0/62       AC:  9    Str: 26    XL:     8   Next: 52%
Magic:  14/14      EV: 10    Int:  9    God:
Gold:   204        SH:  0    Dex: 12    Spells: 15/15 levels left

rFire    . . .     SeeInvis .   l - +4 quarterstaff (chaos)
rCold    + . .     Faith    .   (shield currently unavailable)
rNeg     . . .     Spirit   .   b - +0 scale mail
rPois    .         Reflect  .   (no helmet)
rElec    .         Harm     .   m - +0 cloak
rCorr    .         Rampage  .   (no gloves)
Will     .....                  (no boots)
Stlth    ..........             q - amulet of the acrobat
HPRegen  0.20/turn              g - +6 ring of strength
MPRegen  0.28/turn              p - ring of protection from cold

@: hasted, very quick
A: talons 1, magic regeneration, sharp scales 1, demonic magic 2
a: no special abilities


You were on level 6 of the Dungeon.
You visited 1 branch of the dungeon, and saw 6 of its levels.
You also visited: Sewer.

You collected 204 gold pieces.

Inventory:

Hand Weapons
 a - a +0 trident of flaming
 l - a +4 quarterstaff of chaos (weapon)
 n - a +2 mace of pain
Missiles
 w - 2 throwing nets (quivered)
Armour
 b - a +0 scale mail (worn)
 c - a +0 kite shield
 m - a +0 cloak (worn)
 s - a +0 kite shield
Jewellery
 g - a +6 ring of strength (left hand)
 p - a ring of protection from cold (right hand)
 q - an amulet of the acrobat (around neck)
Wands
 r - a wand of mindburst (10)
 x - a wand of flame (16)
Scrolls
 f - 2 scrolls of teleportation
 i - a scroll of enchant armour
 j - 5 scrolls of magic mapping
 y - a scroll of blinking {unknown}
Potions
 d - a potion of might
 e - a potion of mutation {unknown}
 h - 5 potions of haste
 k - a potion of degeneration {unknown}
 o - 2 potions of attraction {unknown}
 t - 4 potions of flight
 u - 3 potions of curing {unknown}
 v - 2 potions of lignification {unknown}


   Skills:
 + Level 5.3 Fighting
 - Level 2.1 Polearms
 + Level 6.1 Armour
 + Level 5.8 Shields
 * Level 4.2 Spellcasting


You had 15 spell levels left.
You didn't know any spells.
Your spell library contained the following spells:

 Spells                   Type           Power      Damage    Failure   Level
 Sandblast                Erth           2%         2d4       50%         1
 Passwall                 Tmut/Erth      0%         N/A       65%         2
 Stone Arrow              Conj/Erth      2%         3d7       86%         3
 Petrify                  Tmut/Erth      1%         N/A       99%         4
 Lee's Rapid Deconstruct  Erth           0%         3d5*      100%        5


Dungeon Overview and Level Annotations

Branches:
Dungeon (6/15)              Sewer (visited)
 Temple: D:4-7

Altars:
Ashenzari
Elyvilon
Fedhas
Ru
Trog

Shops:
D:3 (   D:4 *   D:5 (

Annotations:
D:4 2 transporters, jasper's ghost, amateur DsDe


Innate Abilities, Weirdness & Mutations

You have sharp toenails.
You regenerate magic rapidly.
You are partially covered in razor-sharp scales. (AC +1, Slay +1)
Spells you cast may paralyse nearby enemies.


Message History

As you open the door, it creaks loudly!
There is an open door here.
You open the door.
There is an open door here.
As you open the door, it creaks loudly!
Done exploring.
Done exploring.
There is a stone staircase leading down here.
You climb downwards.
There is a stone staircase leading up here.
Found a mace.
An orc comes into view. It is wielding a +0 flail.
An orc wizard comes into view. It is wielding a +0 dagger.
The orc wizard shouts!
The orc shouts!
You hear a shout!
You hear a bellow!
You hear a shout!
The orc wizard moves out of view.
An orc and an orc warrior come into view.
You hit the orc warrior.
The orc warrior is lightly wounded.
You sock the orc warrior! You freeze the orc warrior.
Your kick misses the orc warrior.
The orc warrior is almost dead.
The orc warrior drinks a potion.
The orc warrior flickers and vanishes!
Deactivating autopickup; reactivate with Ctrl-A.
Something hits you!
You hit something.
Nothing appears to happen.
You claw something.
A centaur comes into view.
Something hits you! x2
You feel yourself speed up. Something closely misses you.
The orc barely misses you.
The orc wizard hits you with a +0 dagger.
You hit the orc wizard. You burn the orc wizard. You claw the orc wizard.
The orc wizard is almost dead.
Something hits you!
* * * LOW HITPOINT WARNING * * *
The orc closely misses you. The orc wizard closely misses you.
You sock the orc wizard! You burn the orc wizard.
You kill the orc wizard!
Something hits you!
You die...

#.# ######.# #.# #.#
#.# #.# #.# ### #.###
##.###.. #.... #...#..
#######.### #.#.#.##
........#
#.#.#o.#..####.##.###
..#.@)c..............
#######o..#####.######
#.# # #


You could see a centaur and 2 orcs.

Vanquished Creatures
  Grinder (Sewer)
  Menkaure (D:4)
  A sky beast (D:3)
  A necrophage (Sewer)
  A kobold brigand (Sewer)
  Blork the orc (D:4)
  3 scorpions (D:5)
  A water moccasin zombie (D:5)
  A wight (Sewer)
  A centaur zombie (D:5)
  6 hounds
  2 jellies (D:5)
  Crazy Yiuf (D:2)
  A centaur skeleton (D:4)
  An iguana (D:4)
  An orc wizard (D:6)
  4 adders
  3 shadow imps
  7 ufetubi
  An adder skeleton (D:4)
  4 worms
  A dart slug (D:2)
  2 orcs
  7 bats
  10 endoplasms
  12 giant cockroaches
  9 goblins
  9 hobgoblins
  10 jackals
  16 kobolds
  11 quokkas
  12 ball pythons
  5 frilled lizards
  A giant cockroach zombie (Sewer)
  2 kobold zombies (Sewer)
  4 rats
154 creatures vanquished.

Vanquished Creatures (others)
  6 plants (D:4)
6 creatures vanquished.

Grand Total: 160 creatures vanquished

Notes
Turn   | Place    | Note
-------+----------+-------------------------------------------
     0 | D:1      | jestyr24 the Demonspawn Fighter began the quest for the
                  | Orb.
     0 | D:1      | Reached XP level 1. HP: 18/18 MP: 1/1
   133 | D:1      | Gained mutation: You have sharp toenails. [demonic
                  | ancestry]
   133 | D:1      | Reached XP level 2. HP: 11/24 MP: 2/2
   134 | D:1      | Reached skill level 3 in Armour
   507 | D:1      | Gained mutation: Spells you cast may paralyse adjacent
                  | enemies. [demonic ancestry]
   507 | D:1      | Reached XP level 3. HP: 25/29 MP: 3/3
  1211 | D:2      | Reached skill level 1 in Spellcasting
  1308 | D:2      | Gained mutation: You are partially covered in razor-sharp
                  | scales. (AC +1, Slay +1) [demonic ancestry]
  1308 | D:2      | Reached XP level 4. HP: 35/35 MP: 5/5
  1512 | D:2      | Found a bloodstained altar of Trog.
  1764 | D:2      | Found a runed translucent door.
  1765 | D:2      | Noticed Crazy Yiuf
  1771 | D:2      | Killed Crazy Yiuf
  2257 | D:3      | Found a faded altar of an unknown god.
  2340 | D:3      | Noticed a sky beast
  2351 | D:3      | Killed a sky beast
  2352 | D:3      | Reached skill level 4 in Armour
  2352 | D:3      | Gained mutation: You regenerate magic rapidly. [demonic
                  | ancestry]
  2352 | D:3      | Reached XP level 5. HP: 42/42 MP: 6/8
  2377 | D:3      | Found Waereis's Antique Weapon Shoppe.
  2445 | D:3      | You fall into a shaft and drop 1 floor!
  2445 | D:4      | Noticed Blork the orc
  2454 | D:4      | Killed Blork the orc
  2455 | D:4      | Gained mutation: Spells you cast may paralyse nearby
                  | enemies. [demonic ancestry]
  2455 | D:4      | Reached XP level 6. HP: 31/48 MP: 9/9
  2668 | D:4      | Found a glowing drain.
  2686 | Sewer    | Entered a sewer
  2903 | Sewer    | Found an ancient bone altar of Kikubaaqudgha.
  2938 | Sewer    | Reached XP level 7. HP: 35/54 MP: 11/11
  3067 | Sewer    | Noticed Grinder
  3077 | Sewer    | Killed Grinder
  3078 | Sewer    | Reached skill level 5 in Armour
  3360 | D:4      | Reached skill level 5 in Shields
  3456 | D:4      | Noticed jasper's ghost (amateur DsDe)
  3566 | D:4      | Found Caacir's General Store.
  3629 | D:4      | Noticed Menkaure
  3637 | D:4      | HP: 2/55 [Menkaure/nerve-wracking pain (8)]
  3638 | D:4      | Killed Menkaure
  3639 | D:4      | Reached XP level 8. HP: 3/61 MP: 13/13
  4059 | D:4      | Found a transporter.
  4059 | D:4      | Found a transporter.
  4221 | D:5      | Entered Level 5 of the Dungeon
  4577 | D:5      | You fall into a shaft and drop 1 floor!
  4633 | D:6      | Reached skill level 5 in Fighting
  4664 | D:5      | Found a broken altar of Ashenzari.
  4672 | D:5      | Found a sacrificial altar of Ru.
  4674 | D:5      | Found a blossoming altar of Fedhas.
  5012 | D:5      | Reached skill level 6 in Armour
  5214 | D:5      | Found Ummycid's Antique Weapon Shoppe.
  5414 | D:6      | Slain by an orc warrior

Illustrated notes

Levels and vault maps discovered:
D:1:      dpeg_arrival_subterranean_lakeside_camping, layout_loops_cross,
          minmay_crystal_room
D:2:      layout_basic, basic_altar, uniq_crazy_yiuf_cottage
D:3:      layout_basic, okawaru_metal_pillars_1_2, serial_shops,
          nicolae_shop_overgrown_old_shop, basic_ecumenical_altar
D:4:      layout_cave_pools, gammafunk_ghost_gnarly_gnolls, serial_shops, shop,
          gup_sewer_entry_pipe, uniq_blork_the_orc, uniq_menkaure
D:5:      layout_gridville, minitemple, serial_shops, kennysheep_mini_moat
D:6:      layout_loops_ring, marbit_many_paths, minmay_manual_mail, uniq_grinder

Skill      XL: |  1  2  3  4  5  6  7  8 |
---------------+-------------------------+-----
Armour         | 3 4 5 6 |  6.1
Shields        | 3 4 5 |  5.8
Polearms       | 2 |  2.1
Spellcasting   | 1 2 3 4 |  4.2
Fighting       | 4 5 |  5.3

Action                   |  1- 3 |  4- 6 |  7- 9 || total
-------------------------+-------+-------+-------++-------
Melee: Trident           |   131 |   178 |    70 ||   379
       Kick              |    19 |    39 |    29 ||    87
       Quarterstaff      |       |       |    43 ||    43
  Use: Scroll            |       |     6 |     3 ||     9
       Potion            |       |     1 |     1 ||     2
Armor: Scale mail        |    60 |    80 |    44 ||   184
Dodge: Dodged            |    34 |    56 |    69 ||   159
Block: Kite shield       |    51 |    81 |    44 ||   176

Table legend: (Time is in decaauts)
 A = Elapsed time spent in this place.
 B = Non-inter-level travel time spent in this place.
 C = Inter-level travel time spent in this place.
 D = Time resting spent in this place.
 E = Time spent auto-exploring this place.
 F = Levels seen in this place.
 G = Mean time per level.
                   A        B        C        D        E       F      G
               +--------+--------+--------+--------+--------+-----+--------+
         Total |   5608 |   5496 |    112 |    840 |   3253 |   7 |  801.1 |
       Dungeon |   4921 |   4809 |    112 |    721 |   2954 |   6 |  820.2 |
         Sewer |    686 |    686 |      0 |    119 |    298 |   1 |  686.0 |
               +--------+--------+--------+--------+--------+-----+--------+

Top non-repeatable levels by time:
     D:4: 1321 daAuts
     D:2: 1286 daAuts
     D:1: 1015 daAuts
     D:5: 928 daAuts
   Sewer: 686 daAuts
     D:3: 225 daAuts
     D:6: 144 daAuts
